Match 40922316
Unlisted

Match 40922316
End
Construct Barracks
Selects Armored Battlegroup
Selects Veteran Crews
1⁄4-ton 4x4 Truck
M1 Mortar Team
Riflemen Squad
Riflemen Squad
Grenade Package
Mechanized Support Center
Selects M31 Recovery Vehicle
M1918 Browning Automatic Rifles
Riflemen Squad
Construct Medical Station
Riflemen Squad
M1 Mortar Team
Riflemen Squad
Construct Tank Depot
Selects War Machine
Selects Fast Deploy
Be.Nice
カルト_くん
AceRobby
NiuZeta
elevate
Naix
EarlofGrey
shootinputin
0
0

Comments sign in to comment!

No comments posted yet!